Map: [M] Lightshade

Players

Iceberg

  • Race: Protoss Protoss
  • Spawn Location: 11:00

Begren - Winner!

  • Race: Zerg Zerg
  • Spawn Location: 5:00

VOD

Have the link to the VOD?

Description

Time

  • Played on: Oct. 23, 2020, 12:02 p.m.
  • Length: 11:37
Show
View Real Time Build Order
Export as new Build Order

Iceberg Protoss 

Build Orders: 1 Gate Expand, Chargelot Immortal 

Get SALT Encoding   

  12  0:00  Probe  
  13  0:12  Probe  
  14  0:18  Pylon  
  14  0:25  Probe  
  15  0:37  Probe (Chrono Boost)  
  16  0:43  Gateway  
  16  0:49  Probe (Chrono Boost)  
  17  0:55  Probe (Chrono Boost)  
  18  0:57  Assimilator  
  18  1:03  Probe  
  19  1:15  Probe (Chrono Boost)  
  21  1:27  Probe (Chrono Boost)  
  21  1:31  Probe (Chrono Boost)  
  21  1:37  Nexus  
  22  1:43  Pylon  
  22  1:45  Probe  
  23  1:56  Cybernetics Core  
  24  2:01  Probe  
  24  2:09  Assimilator  
  24  2:13  Probe  
  25  2:25  Probe  
  26  2:37  Probe  
  26  2:39  Warp Gate (Chrono Boost)  
  26  2:43  Stalker  
  28  2:47  Gateway  
  28  2:49  Probe  
  29  2:51  Twilight Council  
  29  2:56  Gateway  
  29  3:01  Probe  
  29  3:03  Probe  
  31  3:08  Pylon  
  31  3:13  Forge  
  31  3:15  Probe  
  31  3:18  Probe  
  33  3:28  Charge (Chrono Boost), Probe  
  33  3:30  Probe  
  33  3:33  Stalker  
  37  3:40  Probe  
  38  3:42  Probe  
  38  3:45  Assimilator  
  37  3:52  Probe  
  37  3:54  Stalker  
  37  4:11  Probe x2  
  39  4:19  Pylon  
  39  4:21  Pylon  
  39  4:23  Probe x2  
  41  4:28  Photon Cannon  
  40  4:35  Probe x2  
  41  4:46  Stalker x2  
  41  4:47  Stalker  
  47  4:56  Probe  
  47  4:59  Probe  
  49  5:02  Photon Cannon  
  49  5:08  Probe  
  49  5:11  Pylon, Probe  
  51  5:15  Pylon  
  51  5:21  Probe  
  52  5:22  Assimilator  
  52  5:23  Probe  
  52  5:25  Robotics Facility  
  53  5:33  Probe  
  55  5:35  Probe  
  55  5:36  Photon Cannon  
  55  5:39  Photon Cannon  
  55  5:44  Photon Cannon  
  55  5:45  Probe  
  55  5:46  Zealot  
  55  5:47  Probe  
  55  5:49  Zealot  
  61  6:02  Robotics Facility  
  61  6:09  Zealot x2  
  65  6:13  Immortal  
  69  6:30  Gateway  
  69  6:31  Blink (Chrono Boost), Protoss Ground Weapons Level 1 (Chrono Boost)  
  69  6:32  Gateway  
  69  6:34  Gateway  
  69  6:47  Immortal (Chrono Boost)  
  69  6:52  Immortal (Chrono Boost)  
  77  7:00  Zealot  
  79  7:01  Zealot x2  
  83  7:20  Observer  
  84  7:24  Observer  
  85  7:33  Pylon  
  85  7:35  Pylon  
  85  7:41  Observer  
  85  7:42  Pylon  
  86  7:45  Pylon  
  86  7:49  Pylon  
  87  7:51  Observer  
  87  7:53  Pylon  
  87  8:10  Immortal (Chrono Boost)  
  95  8:13  Zealot x4, Immortal (Chrono Boost)  
  103  8:25  Photon Cannon  
  103  8:29  Protoss Ground Weapons Level 2 (Chrono Boost)  
  103  8:30  Photon Cannon  
  103  8:42  Robotics Facility  
  103  8:45  Robotics Facility, Immortal (Chrono Boost)  
  103  8:46  Stalker, Immortal (Chrono Boost)  
  103  8:47  Stalker  
  115  9:11  Zealot x3  
  115  9:12  Zealot x3  
  121  9:38  Stalker x4  
  123  9:39  Stalker  
  131  10:13  Immortal  
  131  10:22  Zealot  
  133  10:50  Pylon  
  133  10:51  Pylon  
  133  10:53  Pylon  
Show
View Real Time Build Order
Export as new Build Order

Begren Zerg - Winner!

Build Orders: Hatch First, Lurkers 

Get SALT Encoding   

  12  0:00  Drone  
  13  0:12  Overlord  
  13  0:19  Drone  
  14  0:31  Drone x2  
  14  0:34  Drone  
  17  0:56  Hatchery  
  16  0:58  Drone x2  
  18  1:12  Extractor  
  18  1:14  Spawning Pool  
  18  1:17  Drone  
  17  1:30  Drone x2  
  19  1:48  Overlord  
  19  2:00  Queen  
  19  2:01  Zergling x2  
  22  2:07  Zergling x2  
  22  2:08  Queen  
  25  2:09  Drone  
  26  2:16  Metabolic Boost  
  26  2:24  Drone x3  
  29  2:33  Drone  
  30  2:43  Queen  
  32  2:50  Drone x3  
  35  2:51  Overlord  
  35  3:08  Hatchery  
  35  3:11  Drone x5  
  39  3:17  Drone x2  
  41  3:27  Drone x3  
  42  3:34  Overlord  
  44  3:40  Lair  
  44  3:58  Drone x4  
  44  4:01  Extractor  
  44  4:02  Extractor  
  46  4:07  Evolution Chamber  
  46  4:09  Roach Warren  
  44  4:13  Queen  
  44  4:15  Drone  
  44  4:16  Drone x2, Extractor  
  48  4:18  Drone  
  48  4:20  Drone x2  
  48  4:21  Drone  
  50  4:46  Zerg Missile Weapons Level 1  
  50  4:53  Zergling x10  
  50  4:58  Drone  
  50  4:59  Drone x2  
  58  5:00  Overlord x3  
  58  5:01  Overlord x2  
  58  5:19  Drone  
  58  5:20  Drone  
  60  5:22  Drone  
  60  5:23  Hydralisk Den  
  60  5:38  Drone  
  60  5:39  Drone x9  
  60  5:42  Extractor  
  69  5:43  Extractor  
  69  5:47  Evolution Chamber  
  69  5:48  Drone  
  68  5:58  Overseer  
  68  6:03  Grooved Spines  
  68  6:08  Drone x8  
  76  6:25  Drone  
  76  6:26  Drone x3  
  76  6:28  Hatchery  
  78  6:54  Queen  
  78  6:57  Hydralisk  
  78  6:58  Hydralisk x7  
  78  7:00  Zerg Missile Weapons Level 2  
  78  7:01  Zerg Ground Armor Level 1, Overlord x5  
  96  7:06  Infestation Pit  
  95  7:13  Drone x2  
  95  7:14  Overlord, Muscular Augments  
  95  7:15  Overlord, Overseer x2  
  97  7:19  Pneumatized Carapace  
  97  7:23  Overseer  
  97  7:24  Lurker Den  
  96  7:42  Drone x3, Hydralisk  
  96  7:43  Hydralisk x13  
  127  7:55  Hive  
  127  8:01  Overlord x2, Hydralisk  
  127  8:02  Hydralisk x6  
  141  8:19  Drone x4  
  145  8:38  Lurker x5  
  145  8:39  Lurker x3  
  153  8:44  Zergling x2  
  153  8:45  Zergling x28  
  168  8:51  Hatchery  
  168  8:52  Queen  
  169  8:58  Extractor x2  
  167  9:30  Overlord  
  167  9:31  Overlord x5  
  167  9:46  Seismic Spines  
  167  9:47  Spire  
  166  9:54  Glial Reconstitution  
  166  9:57  Drone  
  166  9:58  Baneling Nest  
  166  10:09  Hydralisk x12  
  166  10:10  Hydralisk  
  192  10:27  Viper  
  195  10:28  Viper  
  195  10:34  Zergling x2  
  195  10:35  Zergling x2  
  200  11:03  Hatchery  
  192  11:10  Zergling x2  
  192  11:11  Zergling x40  
  193  11:12  Zergling x2  
Tags
 
Add a new tag
Caveats
  • Supply blocks, unpowered buildings, or Contaminate may cause inaccurate times.
  • Supply counts are checked every 10 seconds.